 Dungeon Crawl Stone Soup version 0.28-a0-1447-ga5a8893891 (webtiles) character file.

Game seed: 17919835656158637913

55 ytrimaz the Insei (level 3, -2/24 HPs)
             Began as an Octopode Transmuter on Jan 10, 2022.
             Slain by an orc (5 damage)
             ... on level 3 of the Dungeon.
             The game lasted 00:02:31 (3416 turns).

ytrimaz the Insei (Octopode Transmuter)             Turns: 3416, Time: 00:02:31

Health: -2/24      AC:  1    Str:  9    XL:     3   Next: 93%
Magic:  6/6        EV: 13    Int: 17    God:
Gold:   51         SH:  0    Dex: 12    Spells: 1/7 levels left

rFire   . . .      SeeInvis .     - Unarmed
rCold   . . .      Faith    .   (no shield)
rNeg    . . .      Spirit   .   (helmet restricted)
rPois   .          Reflect  .   (no amulet)
rElec   .          Harm     .   (no ring)
rCorr   .          Rampage  .   (no ring)
Will    .....                   (no ring)
Stlth   +++.......              (no ring)
HPRegen 0.08/turn               (no ring)
MPRegen 0.10/turn               (no ring)
                                (no ring)
                                (no ring)

@: no status effects
A: almost no armour, amphibious, 8 rings, camouflage 1, gelatinous body 1,
nimble swimmer 1, tentacles
a: no special abilities


You were on level 3 of the Dungeon.
You visited 1 branch of the dungeon, and saw 3 of its levels.

You collected 51 gold pieces.

Inventory:

Scrolls
 a - a scroll of teleportation
 c - a scroll of enchant armour
 d - a scroll of immolation
Potions
 b - a potion of haste


   Skills:
 * Level 1.7 Fighting
 - Level 2.0 Dodging
 + Level 3.5 Unarmed Combat
 * Level 2.6 Spellcasting
 * Level 2.6 Transmutations


You had one spell level left.
You knew the following spells:

 Your Spells              Type           Power      Damage    Failure   Level
a - Beastly Appendage     Tmut           22%        N/A       6%          1
b - Wereblood             Tmut           11%        N/A       10%         2
c - Spider Form           Tmut/Pois      6%         N/A       32%         3

Your spell library contained the following spells:

 Spells                   Type           Power      Damage    Failure   Level
 Apportation              Tloc           4%         N/A       19%         1
 Ice Form                 Ice/Tmut       6%         N/A       71%         4
 Alistair's Intoxication  Tmut/Pois      4%         N/A       96%         5


Dungeon Overview and Level Annotations

Branches:
Dungeon (3/15)

Altars:

Shops:
D:1 ?

Annotations:
D:3 2 transporters, karrick's ghost, amateur GrFi


Innate Abilities, Weirdness & Mutations

You cannot wear most types of armour.
You are amphibious.
You can wear up to eight rings at the same time.
Your skin changes colour to match your surroundings (Stealth+).
Your rubbery body absorbs attacks. (AC +1, EV +1)
You are camouflaged when in or above water. (Stealth+)
You have tentacles for arms and can constrict up to eight enemies at once.


Message History

Your squeeze misses the orc.
The orc is almost dead.
The orc hits you with a +0 flail!
You closely miss the orc. Your grab misses the orc.
You pierce the orc.
You kill the orc!
Things that are here:
a +0 flail; an orc corpse Your transformation is almost over.
The orc closely misses you. x2
The gnoll shouts!
You tentacle-slap the orc. Your grab misses the orc.
The orc is heavily wounded.
The orc hits you with a +0 whip. The orc barely misses you.
The centaur skeleton hits you.
The centaur skeleton closely misses you.
You tentacle-slap the orc but do no damage.
You grab the orc.
The orc is heavily wounded.
You constrict the orc. The orc closely misses you.
The centaur skeleton hits you but does no damage.
The centaur skeleton kicks you but does no damage.
The orc closely misses you.
You tentacle-slap the orc but do no damage.
The orc is severely wounded.
You constrict the orc. The centaur skeleton misses you.
The centaur skeleton closely misses you.
The orc hits you with a +0 whip. The orc hits you with a +0 hand axe.
* * * LOW HITPOINT WARNING * * *
Unknown command.
You release your grip on the orc.
There are monsters nearby!
There are monsters nearby!
Your tentacle spike disappears.
Karrick's ghost says, "What do you have that I didn't have?"
The orc hits you with a +0 whip.
* * * LOW HITPOINT WARNING * * *
The orc closely misses you.
Karrick's ghost wails, "You must not succeed where I failed!"
The orc hits you with a +0 whip.
You die...

......≈≈.##.#####.##.≈≈.
....≈≈..#.#8⌠8#.#.....
#..≈≈.©#.'.g.+.#©....
#..≈≈..# #P.P#.#.....
#.≈≈.##g##.##.##.≈≈. .#
#.≈≈.#g.#...#.©#.≈≈.
#..###.≈≈o##g'...'.##.≈≈.
....$.o≈≈o.#W#...#g#..≈≈.
......o≈@###.##'##.###≈≈.
......Z≈≈#gg.........#≈≈.
.......≈≈##.###.###.##≈≈.
......$≈≈#g.#8###8#..#≈≈.
^...)..≈≈####.....####≈≈.
#......≈≈≈≈≈≈≈≈≈≈≈≈≈≈≈≈≈.
#......≈≈≈≈≈≈≈≈≈≈≈≈≈≈≈≈≈.
..>.....................
......##.##........#####


You could see karrick's ghost, 3 gnolls, 4 orcs and a centaur skeleton.

Vanquished Creatures
  2 worms (D:2)
  4 dart slugs
  An orc (D:3)
  3 ball pythons
  4 endoplasms
  2 giant cockroaches (D:1)
  A hobgoblin (D:3)
  2 jackals (D:1)
  6 kobolds
  2 quokkas (D:1)
  3 bats
  2 frilled lizards (D:1)
  3 goblins
  4 rats
39 creatures vanquished.

Vanquished Creatures (others)
  6 plants (D:3)
6 creatures vanquished.

Grand Total: 45 creatures vanquished

Notes
Turn   | Place    | Note
-------+----------+-------------------------------------------
     0 | D:1      | ytrimaz the Octopode Transmuter began the quest for the
                  | Orb.
     0 | D:1      | Reached XP level 1. HP: 13/13 MP: 3/3
   240 | D:1      | Reached XP level 2. HP: 18/18 MP: 3/5
   290 | D:1      | Found a faded altar of an unknown god.
   824 | D:1      | Reached XP level 3. HP: 4/23 MP: 6/6
   829 | D:1      | Learned a level 2 spell: Wereblood
   833 | D:1      | Learned a level 3 spell: Spider Form
  1228 | D:1      | Found Lisaef's Magic Scroll Boutique.
  3127 | D:3      | Found a transporter.
  3128 | D:3      | Noticed karrick's ghost (amateur GrFi)
  3136 | D:3      | Found a transporter.
  3416 | D:3      | Slain by an orc

Illustrated notes

Levels and vault maps discovered:
D:1:      dpeg_arrival_tiny_h, layout_basic, ebering_ecumenical_altar_webs,
          serial_shops, nicolae_shop_window_shopping
D:2:      layout_loops_corners
D:3:      layout_basic, gammafunk_ghost_gnarly_gnolls, grunt_decor_fettered

Action                   || total
-------------------------++-------
Melee: Unarmed           ||    89
       Constrict         ||    25
       Tentacles         ||    20
       Kick              ||    23
       Punch             ||     3
 Cast: Beastly Appendage ||    24
  Use: Scroll            ||     5
 Stab: Sleeping          ||     7
Armor: Skin              ||    10
Dodge: Dodged            ||    69

Table legend: (Time is in decaauts)
 A = Elapsed time spent in this place.
 B = Non-inter-level travel time spent in this place.
 C = Inter-level travel time spent in this place.
 D = Time resting spent in this place.
 E = Time spent auto-exploring this place.
 F = Levels seen in this place.
 G = Mean time per level.
                   A        B        C        D        E       F      G
               +--------+--------+--------+--------+--------+-----+--------+
         Total |   3409 |   3291 |    118 |     58 |   2669 |   3 | 1136.3 |
       Dungeon |   3409 |   3291 |    118 |     58 |   2669 |   3 | 1136.3 |
               +--------+--------+--------+--------+--------+-----+--------+

Top non-repeatable levels by time:
     D:1: 1777 daAuts
     D:2: 1271 daAuts
     D:3: 361 daAuts
